 Dungeon Crawl Stone Soup version 0.19-a0-1498-g0b85ae9 (webtiles) character file.

8327 PurpleRed the Destroyer (level 11, -1/54 HPs)
             Began as a Deep Elf Conjurer on Sept 10, 2016.
             Was an Elder of Vehumet.
             Slain by a basilisk (4 damage)
             ... on level 10 of the Dungeon.
             The game lasted 00:48:47 (3977 turns).

PurpleRed the Destroyer (Deep Elf Conjurer)         Turns: 3977, Time: 00:48:48

Health: -1/54      AC:  8    Str:  5    XL:     11   Next: 8%
Magic:  15/37      EV:  2    Int: 24    God:    Vehumet [****..]
Gold:   58         SH:  0    Dex: 15    Spells: 8 memorised, 5 levels left

rFire  . . .     SeeInvis .     j - +2 whip (venom)
rCold  . . .     Gourm    .     y - +0 troll leather armour
rNeg   + + +     Faith    .     (no shield)
rPois  ∞         Spirit   .     m - +1 helmet (curse)
rElec  .         Dismiss  .     I - +1 cloak
rCorr  .         Reflect  .     (no gloves)
MR     +....     Harm     .     (no boots)
Stlth  ++........               (no amulet)
                                t - ring of magical power
                                i - ring of wizardry

@: petrified
A: no striking features
a: Renounce Religion


You were on level 10 of the Dungeon.
You worshipped Vehumet.
Vehumet was greatly pleased with you.
You were not hungry.

You visited 2 branches of the dungeon, and saw 11 of its levels.
You also visited: Ossuary.

You collected 773 gold pieces.
You spent 715 gold pieces at shops.

Inventory:

Hand Weapons
 e - a +0 blowgun
 j - a +2 whip of venom (weapon)
Missiles
 l - 9 poisoned needles
 O - a throwing net (quivered)
Armour
 a - a +0 robe
 m - a cursed +1 helmet (worn)
 y - a +0 troll leather armour (worn)
 I - a +1 cloak (worn)
Jewellery
 i - a ring of wizardry (left hand)
 k - an uncursed ring of protection from fire
 t - a ring of magical power (right hand)
 Q - an uncursed ring of flight
Wands
 o - a wand of polymorph (11/24)
 r - a wand of paralysis (17/24)
 s - a wand of digging (19/24)
 v - a wand of slowing (19/48)
 N - a wand of lightning (8/15)
Scrolls
 h - 2 scrolls of remove curse
 u - a scroll of fog
 D - a scroll of teleportation
 K - a scroll of recharging
Potions
 n - 2 potions of mutation
 p - 3 potions of resistance
 q - 4 potions of brilliance
 w - 2 potions of might
 z - 5 potions of heal wounds
 A - 5 potions of curing
 B - a potion of agility {unknown}
 C - a potion of magic {unknown}
 E - a potion of berserk rage {unknown}
 R - a potion of lignification {unknown}
Books
 b - a book of Conjurations

   Spells                             Type                      Level
   a - Magic Dart                     Conjuration                  1
   b - Searing Ray                    Conjuration                  2
   c - Dazzling Spray                 Conjuration/Hexes            3
   d - Fulminant Prism                Conjuration/Hexes            4
   e - Iskenderun's Mystic Blast      Conjuration                  4
   f - Iskenderun's Battlesphere      Conjuration/Charms           5
 d - a book of Enchantments

   Spells                             Type                      Level
   a - Cause Fear                     Hexes                        4
   b - Yara's Violent Unravelling     Hexes/Transmutation          5
   c - Silence                        Hexes/Air                    5
   d - Deflect Missiles               Charms/Air                   6
   e - Haste                          Charms                       6
   f - Discord                        Hexes                        8
 F - a book of Battle

   Spells                             Type                      Level
   a - Infusion                       Charms                       1
   b - Shroud of Golubria             Charms/Translocation         2
   c - Song of Slaying                Charms                       2
   d - Spectral Weapon                Hexes/Charms                 3
   e - Regeneration                   Charms/Necromancy            3
 M - a book of Fire

   Spells                             Type                      Level
   a - Ignite Poison                  Fire/Transmutation/Poison    3
   b - Fireball                       Conjuration/Fire             5
   c - Bolt of Fire                   Conjuration/Fire             6
   d - Delayed Fireball               Conjuration/Fire             7
   e - Ring of Flames                 Charms/Fire                  7
Comestibles
 c - 2 bread rations
 f - 3 meat rations
 g - 4 beef jerkies
 x - 3 fruits
 J - 10 royal jellies


   Skills:
 - Level 2.4 Dodging
 - Level 2.4 Stealth
 + Level 11.8 Spellcasting
 * Level 13.5 Conjurations
 - Level 10.6 Charms
 * Level 3.3 Fire Magic


You had 5 spell levels left.
You knew the following spells:

 Your Spells              Type           Power        Failure   Level  Hunger
a - Magic Dart            Conj           ####         1%          1    None
b - Searing Ray           Conj           ######       1%          2    None
c - Iskenderun's Mystic   Conj           ######..     1%          4    None
d - Iskenderun's Battles  Conj/Chrm      ######..     1%          5    ###....
e - Fireball              Conj/Fire      ######....   1%          5    ###....
f - Bolt of Fire          Conj/Fire      ######....   4%          6    #####..
g - Regeneration          Chrm/Necr      #####.....   1%          3    None
h - Delayed Fireball      Conj/Fire      N/A          43%         7    ######.


Dungeon Overview and Level Annotations

Branches:
Dungeon (10/15)            Temple (1/1) D:4            Lair (0/6) D:10
    Orc: D:9-12

Altars:
Ashenzari
Cheibriados
Dithmenos
Elyvilon
Gozag
Hepliaklqana
Kikubaaqudgha
Nemelex Xobeh
Okawaru
Qazlal
Ru
Uskayaw
Vehumet
Xom
Yredelemnul
Zin
The Shining One

Shops:
D:4 %   D:5 :   D:9 }


Message History

Aiming: Iskenderun's Mystic Blast
Press: ? - help, Shift-Dir - straight line, f/p - basilisk
Aim: a basilisk (heavily wounded)
The orb of energy hits the basilisk.
The basilisk is almost dead.
The basilisk gazes at you.
Your limbs have turned to stone.
You have turned to stone.
The basilisk bites you.
* * * LOW HITPOINT WARNING * * *
The basilisk bites you!
* * * LOW HITPOINT WARNING * * *
The basilisk bites you. The basilisk gazes at you.
You easily resist.
The basilisk bites you!
* * * LOW HITPOINT WARNING * * *
The basilisk gazes at you. The basilisk completely misses you.
The basilisk bites you!
You die...

..###.......)#####........#
#..........................#
#.........<...>.............
#.###.........####...####..
# #.........# #...# ..
#.........# #...#
#.........# #...#
#..######l## #...#
#...l#..@..###...#
#..#......♣..#...
#................
#.....P.....PP...
#......P.†.......
#....♣..P%..†....
#.....PP...♣♣.♣..
#.(...P.>........
#.....P♣.........


You could see a basilisk.

Vanquished Creatures
  2 hill giants
  An ugly thing (D:10)
  Maurice (D:8)
  2 trolls (D:9)
  Eustachio (D:5)
  12 yaks
  2 basilisks (D:10)
  A hungry ghost (D:7)
  2 water moccasins
  4 porcupines (D:10)
  2 sky beasts
  An orc warrior (D:7)
  2 ice beasts
  2 black bears (D:8)
  A necrophage (D:8)
  2 phantoms
  A wasp (D:8)
  3 centaurs
  2 crocodiles (D:10)
  2 big kobolds
  3 giant frogs
  2 elf skeletons (D:6)
  2 scorpions
  3 killer bees (D:9)
  A howler monkey (D:9)
  6 wights
  2 crimson imps
  A centaur zombie (D:7)
  A giant frog zombie (D:5)
  A giant frog skeleton (D:7)
  5 hounds
  4 jellies (D:8)
  2 orc priests (D:8)
  Terence (D:2)
  3 iguanas
  6 worker ants
  2 big kobold zombies (Ossuary)
  A hound skeleton (D:8)
  8 mummies (Ossuary)
  6 adders
  A gnoll (D:5)
  2 river rats (D:10)
  2 shadow imps
  5 oozes (D:8)
  An adder zombie (D:8)
  An adder skeleton (D:8)
  A worm (D:2)
  3 giant geckos
  22 orcs
  A ball python (D:3)
  3 giant cockroaches
  10 goblins
  8 hobgoblins
  2 jackals (D:1)
  2 quokkas
  8 bats
  4 giant newts
  A gnoll zombie (Ossuary)
  2 hobgoblin zombies (Ossuary)
  25 kobolds
  3 kobold zombies (Ossuary)
  2 orc skeletons (D:6)
  A quokka zombie (D:8)
  7 rats
223 creatures vanquished.

Vanquished Creatures (others)
  4 plants (D:10)
4 creatures vanquished.

Grand Total: 227 creatures vanquished

Notes
Turn   | Place    | Note
-------+----------+-------------------------------------------
     0 | D:1      | PurpleRed the Deep Elf Conjurer began the quest for the Orb.
     0 | D:1      | Reached XP level 1. HP: 10/10 MP: 6/6
   127 | D:1      | Reached XP level 2. HP: 15/15 MP: 2/8
   228 | D:2      | Noticed Terence
   325 | D:1      | You fall through a shaft!
   344 | D:2      | Learned a level 2 spell: Searing Ray
   412 | D:1      | Reached XP level 3. HP: 12/19 MP: 2/10
   435 | D:1      | Reached skill level 5 in Conjurations
   608 | D:2      | Found a shimmering altar of Xom.
   615 | D:2      | Found a hazy altar of Hepliaklqana.
   615 | D:2      | Noticed an insubstantial wisp
   616 | D:2      | Noticed an insubstantial wisp
   616 | D:2      | Noticed a spectral ugly thing
   671 | D:2      | Killed Terence
   671 | D:2      | Reached XP level 4. HP: 18/24 MP: 2/12
   855 | D:3      | Learned a level 4 spell: Iskenderun's Mystic Blast
  1027 | D:4      | Reached skill level 5 in Spellcasting
  1050 | D:3      | Found a glowing silver altar of Zin.
  1090 | D:5      | Entered Level 5 of the Dungeon
  1123 | D:4      | Found a staircase to the Ecumenical Temple.
  1129 | D:4      | Reached skill level 6 in Conjurations
  1129 | D:4      | Reached XP level 5. HP: 23/28 MP: 10/14
  1137 | Temple   | Entered the Ecumenical Temple
  1183 | Temple   | Became a worshipper of Vehumet
  1226 | D:4      | Learned a level 5 spell: Iskenderun's Battlesphere
  1228 | D:4      | Found Plog's Food Shop.
  1333 | D:5      | Found Piyr's Book Shoppe.
  1523 | D:5      | Reached * piety under Vehumet
  1523 | D:5      | Offered knowledge of Sting by Vehumet.
  1551 | D:5      | Noticed Eustachio
  1567 | D:5      | Noticed a centaur
  1747 | D:5      | Reached skill level 1 in Charms
  1747 | D:5      | Reached XP level 6. HP: 30/32 MP: 5/16
  1770 | D:5      | Reached skill level 7 in Conjurations
  1835 | D:5      | Killed Eustachio
  1835 | D:5      | Reached XP level 7. HP: 36/36 MP: 8/18
  1890 | D:6      | You fall through a shaft for 2 floors!
  1929 | D:8      | Reached skill level 8 in Conjurations
  1984 | D:7      | Noticed a hungry ghost
  2008 | D:7      | Offered knowledge of Throw Frost by Vehumet.
  2045 | D:7      | Reached ** piety under Vehumet
  2050 | D:7      | Reached XP level 8. HP: 34/41 MP: 9/21
  2064 | D:7      | Reached skill level 5 in Charms
  2074 | D:7      | Reached skill level 9 in Conjurations
  2223 | D:6      | Found a sand-covered staircase.
  2235 | Ossuary  | Entered an ossuary
  2286 | Ossuary  | Offered knowledge of Stone Arrow by Vehumet.
  2557 | D:8      | Reached skill level 10 in Conjurations
  2558 | D:8      | Reached *** piety under Vehumet
  2560 | D:8      | Noticed Maurice
  2567 | D:8      | Reached XP level 9. HP: 45/45 MP: 22/24
  2622 | D:8      | Learned a level 3 spell: Regeneration
  2629 | D:8      | Killed Maurice
  2682 | D:8      | Reached skill level 11 in Conjurations
  2742 | D:9      | Noticed a troll
  2747 | D:9      | Killed a troll
  2747 | D:9      | Reached skill level 10 in Spellcasting
  2857 | D:8      | Offered knowledge of Airstrike by Vehumet.
  2995 | D:8      | Found a shimmering altar of Xom.
  3081 | D:9      | Noticed a hill giant
  3086 | D:9      | Killed a hill giant
  3086 | D:9      | Reached XP level 10. HP: 50/50 MP: 25/26
  3111 | D:9      | Reached skill level 12 in Conjurations
  3115 | D:9      | Reached **** piety under Vehumet
  3134 | D:9      | Found Gautuq's Gadget Emporium.
  3227 | D:9      | Offered knowledge of Bolt of Magma by Vehumet.
  3266 | D:9      | Found a glowing golden altar of the Shining One.
  3507 | D:5      | Bought a book of Fire for 715 gold pieces
  3529 | D:5      | Learned a level 7 spell: Delayed Fireball
  3535 | D:5      | Learned a level 5 spell: Fireball
  3542 | D:5      | Learned a level 6 spell: Bolt of Fire
  3731 | D:10     | Entered Level 10 of the Dungeon
  3731 | D:10     | Noticed a purple ugly thing
  3736 | D:10     | Killed a purple ugly thing
  3736 | D:10     | Reached skill level 10 in Charms
  3739 | D:10     | Found a hazy altar of Hepliaklqana.
  3758 | D:10     | Noticed a hill giant
  3762 | D:10     | Killed a hill giant
  3765 | D:10     | Reached skill level 13 in Conjurations
  3812 | D:10     | Reached skill level 1 in Fire Magic
  3886 | D:10     | Reached XP level 11. HP: 28/54 MP: 1/28
  3926 | D:10     | Found a staircase to the Lair.
  3974 | D:10     | HP: 1/54 [basilisk (5)]
  3977 | D:10     | Slain by a basilisk

Vault maps used:
D:1:      lemuel_arrival_lava_pool, serial_forest,
          infiniplex_forest_lined_corner, infiniplex_forest_lined_room_,
          infiniplex_forest_clump_tiny, infiniplex_forest_straight_2,
          infiniplex_forest_clump_curved, minmay_domino_4
D:2:      minmay_diamond_boxcup, regret_index_temple_of_mockery,
          due_unseen_surprise, uniq_terence
D:3:      lemuel_doored_altar, zin_treasury, hangedman_decor_lopped,
          hangedman_decor_clover_reticule, uniq_crazy_yiuf_cottage, uniq_jessica
D:4:      gup_sewer_entry_bowl, serial_shops, nicolae_shop_crystal, uniq_pikel,
          uniq_sigmund
D:5:      corexii_shantytown, grunt_temple_overflow_diamond, serial_shops,
          nicolae_shop_trees, first_bread, uniq_eustachio
D:6:      serial_shops, shop, nicolae_ossuary_entry_catacombs
D:8:      hangedman_little_slice_of_home, xom_teletrap_fun, uniq_maurice
D:9:      tso_altar, serial_shops, kennysheep_little_box
D:10:     minmay_lair_entry_grove, basic_altar, minmay_tree_intersection,
          led_sif_book, uniq_sonja
Temple:   dshaligram_water_room_temple
Ossuary:  ossuary_tomb_3

Skill      XL: |  1  2  3  4  5  6  7  8  9 10 11 |
---------------+----------------------------------+-----
Spellcasting   | 4 5 6 7 9 10 11 | 11.8
Conjurations   | 5 6 7 8 10 11 13 | 13.5
Charms         | 1 3 4 6 9 10 | 10.6
Fire Magic     | 2 3 |  3.3
Dodging        | |  2.4
Stealth        | |  2.4

Action                   |  1- 3 |  4- 6 |  7- 9 | 10-12 || total
-------------------------+-------+-------+-------+-------++-------
Melee: Spear             |     2 |       |       |       ||     2
       Unarmed           |     1 |       |       |       ||     1
       Whip              |     5 |    20 |    37 |    12 ||    74
 Cast: Magic Dart        |    60 |    65 |   121 |    52 ||   298
       Searing Ray       |     3 |    14 |    14 |     9 ||    40
       Iskenderun's Batt |       |     2 |    24 |    14 ||    40
       Iskenderun's Myst |       |     1 |     2 |     9 ||    12
       Fireball          |       |       |       |     3 ||     3
Evoke: Wand              |       |     2 |     1 |       ||     3
  Use: Scroll            |       |    12 |     6 |     5 ||    23
       Potion            |       |     1 |     1 |     1 ||     3
 Stab: Sleeping          |       |       |     2 |       ||     2
  Eat: Chunk             |       |     3 |     6 |     4 ||    13
       Pizza             |       |       |     2 |     1 ||     3
Armor: Robe              |     7 |    16 |    11 |       ||    34
       Troll hide        |       |       |       |     4 ||     4
       Troll leather arm |       |       |       |     8 ||     8
Dodge: Dodged            |    28 |    42 |    42 |    20 ||   132
